 Dungeon Crawl Stone Soup version 0.24.0-123-gd5b16e6ec5 (webtiles) character file.

Game seed: 16115400779997426841, levelgen mode: deterministic

3866 Mesmaeker13 the Chopper (level 9, -3/81 HPs)
             Began as a Demigod Skald on Dec 29, 2019.
             Slain by an orc warrior
             ... wielding a +0 hand axe
              (16 damage)
             ... on level 8 of the Dungeon.
             The game lasted 00:17:11 (12940 turns).

Mesmaeker13 the Chopper (Demigod Skald)            Turns: 12940, Time: 00:17:11

Health: -3/81      AC: 14    Str: 18    XL:     9   Next: 67%
Magic:  13/14      EV:  8    Int: 19    God:
Gold:   280        SH:  0    Dex: 17    Spells: 10/11 levels left

rFire    . . .     SeeInvis .   r - +0 war axe
rCold    . . .     Gourm    .   (no shield)
rNeg     . . .     Faith    .   f - +0 chain mail
rPois    .         Spirit   .   u - +0 helmet
rElec    .         Reflect  .   c - +0 cloak
rCorr    .         Harm     .   p - +0 pair of gloves
MR       .....                  q - +0 pair of boots
Stlth    ..........             (no amulet)
HPRegen  0.23/turn              g - +2 ring of intelligence
MPRegen  0.14/turn              (no ring)

@: infused, lightly drained
A: high mp 1
a: no special abilities


You were on level 8 of the Dungeon.
You were not hungry.

You visited 1 branch of the dungeon, and saw 9 of its levels.

You collected 501 gold pieces.
You spent 221 gold pieces at shops.

Inventory:

Hand Weapons
 a - a cursed +3 trident
 r - a +0 war axe (weapon)
Missiles
 e - a javelin (quivered)
 m - 9 poisoned darts
Armour
 c - a +0 cloak (worn)
 f - a +0 chain mail (worn)
 p - a +0 pair of gloves (worn)
 q - a +0 pair of boots (worn)
 u - a +0 helmet (worn)
 I - a +0 shield
Jewellery
 g - a +2 ring of intelligence (left hand)
Wands
 v - a wand of iceblast (12)
Scrolls
 b - 8 scrolls of remove curse
 l - 2 scrolls of fog
 s - 2 scrolls of noise
 t - a scroll of magic mapping {unknown}
 x - 2 scrolls of blinking
 y - 4 scrolls of teleportation
 z - 3 scrolls of amnesia
 A - a scroll of immolation
 C - a scroll of enchant armour {unknown}
 E - a scroll of brand weapon {unknown}
 G - a scroll of vulnerability {unknown}
Potions
 h - 2 potions of haste {unknown}
 i - a potion of might {unknown}
 j - 2 potions of agility
 k - a potion of degeneration {unknown}
 n - 5 potions of curing
 o - 2 potions of cancellation
 w - 2 potions of heal wounds
 D - a potion of invisibility
 F - a potion of resistance {unknown}
 H - a potion of brilliance {unknown}
Comestibles
 d - 11 rations
 J - 3 chunks of flesh


   Skills:
 + Level 7.8(7.6) Fighting
 + Level 7.8(7.7) Axes
 - Level 5.4(5.3) Armour
 - Level 2.0(1.9) Dodging
 + Level 5.1(4.9) Shields
 - Level 1.7(1.6) Spellcasting
 - Level 2.6(2.5) Charms


You had 10 spell levels left.
You knew the following spells:

 Your Spells              Type           Power        Failure   Level  Hunger
a - Infusion              Chrm           ##..         56%         1    #......

Your spell library contained the following spells:

 Spells                   Type           Power        Failure   Level  Hunger
 Song of Slaying          Chrm           ##......     71%         2    ###....
 Shroud of Golubria       Chrm/Tloc      #.....       87%         2    ###....
 Corona                   Hex            #......      90%         1    #......
 Ensorcelled Hibernation  Hex/Ice        #.....       97%         2    ###....
 Regeneration             Chrm/Necr      #.........   98%         3    ###....
 Spectral Weapon          Hex/Chrm       #.......     98%         3    ###....
 Confuse                  Hex            #.......     99%         3    ###....
 Dazzling Spray           Conj/Hex       #.....       99%         3    ###....
 Tukima's Dance           Hex            #.......     99%         3    ###....


Dungeon Overview and Level Annotations

Branches:
Dungeon (9/15)             Temple (0/1) D:4            Lair (0/6) D:8
    Orc: D:9-12

Shops:
D:5 !   D:6 ?*}

Annotations:
D:5 2 runed translucent doors, sankara's ghost, novice HOFi


Innate Abilities, Weirdness & Mutations

You have an increased reservoir of magic. (+10% MP)


Message History

The orc warrior is moderately wounded.
The orc warrior hits you with a +0 hand axe.
You slash the orc warrior!
The orc warrior is almost dead.
The orc warrior hits you but does no damage.
You hit the orc warrior.
The orc warrior is almost dead.
The orc warrior hits you with a +0 hand axe!
* * * LOW HITPOINT WARNING * * *
You hit the orc warrior but do no damage.
The orc warrior is almost dead.
The orc warrior barely misses you.
You closely miss the orc warrior.
The orc warrior is almost dead.
The orc warrior hits you with a +0 hand axe.
* * * LOW HITPOINT WARNING * * *
You closely miss the orc warrior.
The orc warrior is almost dead.
The orc warrior hits you with a +0 hand axe!
You die...

#...(..# #.#.######
#......### #.#.# #...
#........####.#.###.##
#....).#.#....#.....#
#.^....#.#.###########
#.....<'.#..[)........
#......###..##########
####...)....##########
##@..............))
#o##....##########
#.##.#### # #......# #
#...[..# #
#......###########
#.....)[..........
##################


You could see an orc warrior.

Vanquished Creatures
  A two-headed ogre (D:8)
  A spriggan (D:7)
  2 ice beasts
  2 orc warriors (D:8)
  A sky beast (D:8)
  A phantom (D:8)
  An ogre (D:4)
  4 centaurs
  Blork the orc (D:6)
  4 bullfrogs
  A water moccasin zombie (D:6)
  2 scorpions (D:7)
  7 wights
  4 crimson imps
  3 centaur zombies
  A bullfrog zombie (D:7)
  7 orc priests
  3 hounds
  3 jellies
  3 centaur skeletons
  5 orc wizards
  A bullfrog skeleton (D:5)
  3 worker ants (D:5)
  A hound zombie (D:8)
  A hound skeleton (D:7)
  A worker ant zombie (D:7)
  Robin (D:3)
  4 gnolls (D:6)
  10 adders
  A shadow imp (D:6)
  5 oozes
  3 worms (D:4)
  4 dart slugs
  2 leopard geckos
  26 orcs
  4 giant cockroaches
  16 goblins
  7 hobgoblins
  2 jackals (D:2)
  8 kobolds
  11 quokkas
  9 bats
  4 frilled lizards
  2 leopard gecko skeletons
  A quokka zombie (D:8)
  9 rats
193 creatures vanquished.

Notes
Turn   | Place    | Note
-------+----------+-------------------------------------------
     0 | D:1      | Mesmaeker13 the Demigod Skald began the quest for the Orb.
     0 | D:1      | Reached XP level 1. HP: 17/17 MP: 5/5
   195 | D:1      | Reached skill level 1 in Armour
   229 | D:1      | Reached XP level 2. HP: 13/24 MP: 5/7
   989 | D:2      | Found a white marble altar of Elyvilon.
  1242 | D:2      | Reached XP level 3. HP: 22/29 MP: 6/8
  2296 | D:3      | Noticed a bullfrog
  2301 | D:3      | Reached XP level 4. HP: 34/37 MP: 9/9
  2313 | D:3      | Killed a bullfrog
  2860 | D:3      | Found a stormy altar of Qazlal.
  3001 | D:3      | Reached XP level 5. HP: 45/45 MP: 5/10
  3201 | D:3      | Noticed Robin
  3227 | D:3      | Killed Robin
  4113 | D:4      | Noticed an ogre
  4119 | D:4      | Killed an ogre
  4425 | D:4      | Reached XP level 6. HP: 32/52 MP: 1/11
  4813 | D:4      | Found a snail-covered altar of Cheibriados.
  4939 | D:4      | Found a radiant altar of Vehumet.
  5487 | D:4      | Found a staircase to the Ecumenical Temple.
  5650 | D:5      | Entered Level 5 of the Dungeon
  5650 | D:5      | Found Hidotol's Distillery.
  5660 | D:5      | Bought a potion of heal wounds for 70 gold pieces
  5994 | D:5      | Reached XP level 7. HP: 53/60 MP: 7/12
  6060 | D:5      | Found a large runed translucent door.
  6061 | D:5      | Found a large runed translucent door.
  6075 | D:5      | Noticed sankara's ghost (novice HOFi)
  6104 | D:5      | Found a hide-covered altar of Uskayaw.
  7034 | D:5      | Found a shadowy altar of Dithmenos.
  7578 | D:6      | Reached skill level 5 in Axes
  7769 | D:6      | Found Veideca's Magic Scroll Emporium.
  7799 | D:6      | Reached skill level 5 in Fighting
  7802 | D:6      | Bought a scroll of identify for 30 gold pieces
  8244 | D:6      | Noticed Blork the orc
  8263 | D:6      | Killed Blork the orc
  8263 | D:6      | Reached skill level 5 in Armour
  8398 | D:6      | Reached XP level 8. HP: 48/68 MP: 13/13
  8655 | D:6      | Found Boece's Gadget Shop.
  8707 | D:6      | Found Yptydgh's Assorted Antiques.
  8847 | D:6      | Bought a shield for 121 gold pieces
  9202 | D:7      | Reached skill level 1 in Shields
  9752 | D:7      | Found a sparkling altar of Nemelex Xobeh.
  9876 | D:7      | Found a glowing silver altar of Zin.
  9894 | D:7      | Found a glowing golden altar of the Shining One.
 11099 | D:8      | Reached XP level 9. HP: 78/78 MP: 14/14
 11834 | D:8      | Noticed a two-headed ogre
 11841 | D:8      | Killed a two-headed ogre
 12391 | D:8      | Reached skill level 5 in Shields
 12757 | D:8      | Found a staircase to the Lair.
 12940 | D:8      | Slain by an orc warrior

Levels and vault maps discovered:
D:1:      tarquinn_simple_flora_water_f, layout_rooms
D:2:      layout_rooms, minmay_misc_feat_nine_boxes, lemuel_altar_in_water
D:3:      layout_basic, lemuel_doored_altar, serial_co_window_serial,
          co_window_corner_a, co_window_corner_a, co_window_of_opportunity_a,
          co_window_paths_a, co_window_corner_a, co_window_paths_a,
          co_window_paths_a, co_window_paths_b, co_window_of_opportunity_a,
          co_window_corner_b, co_window_of_opportunity_b, co_window_broadway_b,
          co_window_paths_d, uniq_robin
D:4:      layout_cave_pools, kennysheep_slug_shrine, temple_green,
          corexii_leaking_fountain, vehumet_altar_wand_db
D:5:      layout_basic, nicolae_dithmenos_shadow_blocks, kennysheep_little_box,
          first_ration, serial_shops, nicolae_shop_stone,
          ebering_ghost_disaster_area
D:6:      layout_basic, serial_shops, nicolae_shop_trees,
          nicolae_shop_temple_entry_statues_fountains,
          nicolae_shop_overgrown_old_shop, minmay_misc_feat_pillars,
          uniq_blork_the_orc
D:7:      layout_basic, grunt_temple_overflow_open, the_bakery
D:8:      layout_basic, lair_entry_dummy
D:9:      layout_small_grid, grunt_gozag_statues, serial_shops,
          kennysheep_mini_moat, shop, nicolae_shop_trees,
          ebering_ghost_inner_flame, led_sif_book

Skill      XL: |  1  2  3  4  5  6  7  8  9 |
---------------+----------------------------+-----
Armour         | 1 2 3 4 5 |  5.4
Fighting       | 2 3 4 5 6 7 |  7.8
Axes           | 2 3 4 5 6 7 |  7.8
Dodging        | 2 |  2.0
Shields        | 3 5 |  5.1
Spellcasting   | |  1.7
Charms         | |  2.6

Action                   |  1- 3 |  4- 6 |  7- 9 || total
-------------------------+-------+-------+-------++-------
Melee: Hand axe          |   182 |   199 |   413 ||   794
       War axe           |       |       |   205 ||   205
Throw: Dart              |       |     8 |    15 ||    23
       Javelin           |       |       |     8 ||     8
 Cast: Infusion          |     1 |     4 |    13 ||    18
Evoke: Wand              |       |    13 |    24 ||    37
  Use: Scroll            |     2 |     4 |     7 ||    13
  Eat: Chunk             |     5 |    11 |     3 ||    19
       Ration            |       |       |     7 ||     7
Armor: Chain mail        |   158 |   159 |   353 ||   670
       Leather armour    |     2 |       |       ||     2
Dodge: Dodged            |    91 |    96 |   209 ||   396
